[Event "Team 45 45 League T36"]
[Site "Internet Chess Club"]
[Date "2008.03.02"]
[Round "6"]
[White "kassy"]
[Black "viking99"]
[Result "1/2-1/2"]
[WhiteElo "1763"]
[BlackElo "1838"]
[Opening "French: Tarrasch, closed variation"]
[ECO "C05"]
[Time "21:01:59"]
[TimeControl "2700+45"]

1. e4 e6 2. d4 d5 3. Nd2 Nf6 4. e5 Nfd7 5. Bd3 c5 6. c3 Nc6 7. Ne2 Be7 8. Nf3
Qb6 9. O-O f6 10. Nf4 Nd8 11. Re1 f5 12. Nh4 Bxh4 13. Qh5+ Nf7 14. Qxh4 g5 15.
Nxd5 exd5 16. Bxg5 Nxg5 17. Qxg5 Nf8 18. dxc5 Qg6 19. Qf4 Rg8 20. g3 Bd7 21. e6
Bc6 22. Bxf5 Qg7 23. e7 Ng6 24. Bxg6+ Qxg6 25. Qd4 Qg7 26. Re3 Qxd4 27. cxd4 Kd7
28. Rae1 Rae8 29. f4 Rg7 30. Kf2 Rexe7 31. Rxe7+ Rxe7 32. Rxe7+ Kxe7 33. g4 Kf6
34. h4 Bb5 35. Ke3 h6 36. f5 h5 37. Kf4 hxg4 38. Kxg4 Bd3 39. b4 Bxf5+ 40. Kf4
Bd7 41. h5 Be8 42. h6 Kg6 43. Ke5 Bc6 44. a4 a6 45. b5 axb5 46. axb5 Bxb5 47.
Kxd5 Kxh6 48. Kd6 Kg6 49. d5 Kf6 50. Kc7 Ke5 51. d6 Kd5 52. Kxb7 Kxc5 53. Kc7
Kd5 54. d7 Bxd7 {Game drawn because neither player has mating material} 1/2-1/2

[Event "Team 45 45 League T36"]
[Site "Internet Chess Club"]
[Date "2008.02.28"]
[Round "6"]
[White "Qui"]
[Black "xakelari"]
[Result "0-1"]
[WhiteElo "2014"]
[BlackElo "2019"]
[Opening "QGD: 4.Bg5 Nbd7"]
[ECO "D51"]
[Time "16:01:35"]
[TimeControl "2700+45"]

1. d4 Nf6 2. c4 e6 3. Nc3 d5 4. Bg5 Nbd7 5. Nf3 Bb4 6. Qc2 h6 7. Bh4 c5 8. e3
Qa5 9. Bd3 dxc4 10. Bxc4 b5 11. Be2 Nd5 12. Rc1 c4 13. O-O Nxc3 14. bxc3 Ba3 15.
Qe4 Rb8 16. Rc2 Bb7 17. Qg4 O-O 18. Bg3 Rbd8 19. Bh4 Rb8 20. Nd2 Qc7 21. e4 Rfe8
22. f4 Be7 23. Bxe7 Rxe7 24. e5 Nf8 25. Rb2 Bc6 26. Rfb1 a6 27. Bxc4 Rc8 28. Bd3
Bd5 29. Rc1 Qa5 30. Rbc2 Rec7 31. c4 bxc4 32. Nxc4 Bxc4 33. f5 Bxd3 34. f6 Bg6
{White resigns} 0-1

[Event "Team 45 45 League T36"]
[Site "Internet Chess Club"]
[Date "2008.03.02"]
[Round "6"]
[White "alexcluster"]
[Black "smitty120"]
[Result "0-1"]
[WhiteElo "1819"]
[BlackElo "1966"]
[Opening "KGA: Fischer defense"]
[ECO "C34"]
[Time "13:03:28"]
[TimeControl "2700+45"]

1. e4 e5 2. f4 exf4 3. Nf3 d6 4. d4 g5 5. h4 g4 6. Ng1 f3 7. Bg5 f2+ 8. Kxf2 Be7
9. Qd2 f6 10. Bf4 f5 11. exf5 Bxh4+ 12. g3 Bf6 13. Ne2 Bxf5 14. Bg2 d5 15. Nbc3
c6 16. Nd1 h5 17. Ne3 Ne7 18. Nxf5 Nxf5 19. Be5 Bxe5 20. dxe5 Qb6+ 21. Ke1 Qe3
22. c3 Nd7 23. Rf1 Rf8 24. Rxf5 Qxd2+ 25. Kxd2 Rxf5 26. e6 Ne5 27. Nf4 O-O-O 28.
Re1 h4 29. gxh4 Nc4+ {White resigns} 0-1

[Event "Team 45 45 League T36"]
[Site "Internet Chess Club"]
[Date "2008.03.02"]
[Round "6"]
[White "chipionero"]
[Black "Fegary"]
[Result "0-1"]
[WhiteElo "1698"]
[BlackElo "2022"]
[Opening "King's Indian: 6.Be2"]
[ECO "E91"]
[Time "12:33:31"]
[TimeControl "2700+45"]

1. d4 Nf6 2. Nf3 d6 3. c4 g6 4. Nc3 Bg7 5. e4 O-O 6. Be2 Nc6 7. d5 Nb4 8. O-O c5
9. a3 Na6 10. Ne1 h6 11. Nd3 Re8 12. b4 Bd7 13. Rb1 cxb4 14. axb4 Qc7 15. Qb3
Rac8 16. b5 Nb8 17. Nb2 e6 18. Be3 exd5 19. exd5 b6 20. Ra1 Ng4 21. Bxg4 Bxg4
22. Ra4 Nd7 23. Rfa1 Rxe3 24. fxe3 Nc5 25. Qc2 Nxa4 26. Rxa4 Qe7 27. Qd2 Re8 28.
Ncd1 f5 29. Ra3 f4 30. h3 Bh5 31. Kh1 Qh4 32. Rxa7 Qg3 33. Na4 Bxd1 34. Qxd1
Rxe3 {White resigns} 0-1

[Event "Team 45 45 League T36"]
[Site "Internet Chess Club"]
[Date "2008.03.03"]
[Round "6"]
[White "Oblique"]
[Black "DocHoliday"]
[Result "1-0"]
[WhiteElo "1731"]
[BlackElo "1823"]
[Opening "Nimzo-Indian: classical, 4...c5"]
[ECO "E38"]
[Time "19:04:11"]
[TimeControl "2700+45"]

1. d4 Nf6 2. c4 e6 3. Nc3 Bb4 4. Qc2 c5 5. dxc5 Qa5 6. Bd2 Qxc5 7. e3 Qc6 8. Nf3
d6 9. a3 Bxc3 10. Bxc3 Nbd7 11. Bd3 a6 12. O-O Nc5 13. Bxf6 gxf6 14. Be2 Bd7 15.
Rfd1 Qc7 16. Qc3 Ke7 17. b4 Ne4 18. Qc2 f5 19. Nd2 Bc6 20. Nxe4 Bxe4 21. Qd2
Rag8 22. f3 Bc6 23. a4 Rg6 24. b5 Bd7 25. a5 Rhg8 26. g3 h5 27. Qd4 Qc5 28. Qh4+
f6 29. Kf2 axb5 30. cxb5 Bxb5 31. Rac1 Qe5 32. Bxb5 Qxb5 33. Rc7+ Kd8 34. Rdc1
Qxa5 35. Qc4 Qd2+ 36. Qe2 Qxe2+ 37. Kxe2 e5 38. Rxb7 R8g7 39. Rb6 Rd7 40. Rb8+
Ke7 41. Rh8 Rg5 42. f4 Rg7 43. Rxh5 Ke6 44. fxe5 fxe5 45. Rh6+ Kd5 46. Rd1+ Kc5
47. Kf3 Rh7 48. Rdxd6 Rxh6 49. Rxh6 Kd5 50. Rf6 Rh7 51. h4 Rh5 52. Rf8 Ke6 53.
Ra8 Rh7 54. e4 f4 55. Ra6+ {Black resigns} 1-0

[Event "Team 45 45 League T36"]
[Site "Internet Chess Club"]
[Date "2008.03.01"]
[Round "6"]
[White "Ocho-Cinco"]
[Black "chess92192"]
[Result "0-1"]
[WhiteElo "1710"]
[BlackElo "1731"]
[Opening "Scotch game"]
[ECO "C45"]
[Time "20:01:37"]
[TimeControl "2700+45"]

1. e4 e5 2. Nf3 Nc6 3. d4 exd4 4. Nxd4 Bc5 5. Be3 Qf6 6. c3 Nge7 7. Bc4 O-O 8.
O-O Ne5 9. Be2 d6 10. Nc2 Bb6 11. Bxb6 axb6 12. Nba3 Bd7 13. Nb5 Bxb5 14. Bxb5
Ra5 15. Be2 Rfa8 16. a3 N5g6 17. g3 d5 18. exd5 Rxd5 19. Qe1 Rad8 20. Rd1 Qd6
21. Bf3 Rxd1 22. Qxd1 Ne5 23. Be2 N7c6 24. f4 Qxd1 25. Rxd1 Rxd1+ 26. Bxd1 Nd3
27. b4 Ne7 28. Bf3 c6 29. Kf1 b5 30. Ne3 Nc8 31. c4 Nd6 32. c5 Nc4 33. Nxc4 bxc4
34. Be4 Nb2 35. Bc2 c3 36. Ke2 Kf8 37. a4 Ke7 38. Ke3 Nc4+ 39. Kd4 Na3 40. Kxc3
Nxc2 41. Kxc2 Ke6 42. Kc3 Kd5 43. Kd3 h5 44. f5 Ke5 45. Kc4 Kxf5 46. b5 Ke6 47.
bxc6 bxc6 48. Kd4 f6 49. Ke4 g6 50. h3 Kd7 51. g4 hxg4 52. hxg4 Kc7 53. g5 fxg5
54. Kf3 Kb7 55. Kg4 Ka6 56. Kxg5 Ka5 57. Kxg6 Kxa4 58. Kg5 Kb4 59. Kf4 Kxc5 60.
Ke3 Kc4 61. Kd2 Kb3 62. Kc1 c5 63. Kb1 c4 64. Kc1 Kc3 65. Kb1 Kd2 66. Kb2 c3+
67. Kb1 c2+ 68. Kb2 c1=Q+ 69. Ka2 Qc4+ 70. Ka1 Qb5 71. Ka2 Kc3 72. Ka1 Qb2#
{White checkmated} 0-1

[Event "Team 45 45 League T36"]
[Site "Internet Chess Club"]
[Date "2008.03.04"]
[Round "6"]
[White "b-spot"]
[Black "charles-allen"]
[Result "0-1"]
[WhiteElo "1727"]
[BlackElo "1816"]
[Opening "QGD: Cambridge Springs defense, Yugoslav variation"]
[ECO "D52"]
[Time "18:51:49"]
[TimeControl "2700+45"]

1. d4 d5 2. c4 c6 3. Nf3 Nf6 4. Nc3 e6 5. Bg5 Nbd7 6. e3 Qa5 7. cxd5 Nxd5 8. Qd2
N7b6 9. Bd3 Nxc3 10. bxc3 Na4 11. O-O Qxc3 12. Qe2 Qb2 13. Bc2 h6 14. Bh4 Nc3
15. Qd3 Nd5 16. a3 Qc3 17. Qe2 Bxa3 18. Ne5 O-O 19. Be4 Bd6 20. Nc4 Bc7 21. Rfc1
Qb4 22. Bxd5 cxd5 23. Rcb1 Qxc4 {White resigns} 0-1

[Event "Team 45 45 League T36"]
[Site "Internet Chess Club"]
[Date "2008.03.03"]
[Round "6"]
[White "GrandPoobah069"]
[Black "mickeys"]
[Result "1-0"]
[WhiteElo "1690"]
[BlackElo "1736"]
[Opening "French: Winawer, advance, poisoned pawn variation"]
[ECO "C18"]
[Time "19:01:25"]
[TimeControl "2700+45"]

1. e4 e6 2. d4 d5 3. Nc3 Bb4 4. e5 c5 5. a3 Bxc3+ 6. bxc3 Ne7 7. Qg4 Nf5 8. Bd3
h5 9. Qf4 Nc6 10. Nf3 f6 11. Bxf5 exf5 12. h4 fxe5 13. dxe5 Qe7 14. O-O Be6 15.
a4 Na5 16. Re1 O-O-O 17. Ng5 b6 18. Qg3 Rd7 19. Nf3 Kb7 20. Bg5 Qf7 21. Rab1 Rf8
22. Qf4 Qe8 23. Nd2 Rc7 24. Rb2 Ka8 25. Qf3 Kb8 26. Reb1 Rc6 27. Qe2 Bc8 28. Qb5
Kc7 29. Bf4 Qe6 30. Nf3 Nc4 31. Ng5 Qe8 32. e6+ Kb7 33. Ra2 a6 34. Qb3 Bxe6 35.
Nf3 d4 36. Ng5 Bg8 37. Rd1 Ne3 38. fxe3 Bxb3 39. cxb3 dxe3 40. Re1 c4 41. Rxe3
Qd7 42. Rd2 Qc8 43. Re7+ Ka8 44. Rdd7 Qxd7 45. Rxd7 cxb3 46. Be5 b2 47. Rd1 Re8
48. Nf3 Rxe5 49. Rb1 Re2 50. Nd4 Rce6 51. Nxe6 Rc2 52. Kh2 Rxc3 53. Rxb2 Kb7 54.
Nxg7 Ra3 55. Rb4 a5 56. Rf4 Rb3 57. Nxf5 Rb4 58. Rxb4 axb4 59. Nd4 Ka6 60. Nb3
b5 61. a5 Kb7 62. g4 {Black resigns} 1-0

[Event "Team 45 45 League T36"]
[Site "Internet Chess Club"]
[Date "2008.03.02"]
[Round "6"]
[White "matein7"]
[Black "PrincessChess"]
[Result "1/2-1/2"]
[WhiteElo "1981"]
[BlackElo "1848"]
[Opening "Queen's Indian: 4.Nc3"]
[ECO "E12"]
[Time "14:01:47"]
[TimeControl "2700+45"]

1. d4 Nf6 2. c4 e6 3. Nf3 b6 4. Nc3 Bb4 5. Bg5 Bb7 6. e3 d6 7. Bd3 Nbd7 8. O-O
Bxc3 9. bxc3 O-O 10. Qc2 h6 11. Bxf6 Qxf6 12. e4 e5 13. Rfe1 Kh8 14. a4 a5 15.
Rab1 Ba6 16. Bf1 g5 17. h3 Kg7 18. Rbd1 Rfe8 19. h4 g4 20. dxe5 Nxe5 21. Nd4 Bc8
22. Re3 Qxh4 23. Nb5 Re7 24. Rg3 {Game drawn by mutual agreement} 1/2-1/2

[Event "Team 45 45 League T36"]
[Site "Internet Chess Club"]
[Date "2008.03.01"]
[Round "6"]
[White "BIGGY"]
[Black "markgravitygood"]
[Result "1-0"]
[WhiteElo "1788"]
[BlackElo "1815"]
[Opening "Bird's opening"]
[ECO "A03"]
[Time "13:03:45"]
[TimeControl "2700+45"]

1. f4 d5 2. Nf3 Nf6 3. e3 Bg4 4. Be2 Bxf3 5. Bxf3 Nbd7 6. d3 e6 7. b3 Bd6 8. Bb2
O-O 9. O-O e5 10. fxe5 Bxe5 11. Bxe5 Nxe5 12. Nd2 Nxf3+ 13. Qxf3 c6 14. e4 dxe4
15. Nxe4 Nxe4 16. Qxe4 Qb6+ 17. Kh1 Rae8 18. Qf5 Qe3 19. Rf3 Qe6 20. Raf1 Qxf5
21. Rxf5 Re2 22. R5f2 Rxf2 23. Rxf2 Re8 24. g4 Re1+ 25. Kg2 Ra1 26. a4 Kf8 27.
Kf3 Ke7 28. Re2+ Kd7 29. Ke4 a5 30. h4 Rf1 31. h5 h6 32. d4 Rg1 33. Kf3 Rf1+ 34.
Ke4 Rg1 35. Kf4 Rf1+ 36. Ke3 Rg1 37. Kf3 Rf1+ 38. Rf2 Rxf2+ 39. Kxf2 b5 40. c4
bxa4 41. bxa4 Ke6 42. Ke3 f5 43. Kf4 fxg4 44. Kxg4 Kf6 45. c5 Ke6 46. Kf4 Kf6
47. Kg4 Ke6 48. Kf4 Kf6 49. Ke4 Ke6 50. d5+ cxd5+ 51. Kd4 g5 52. hxg6 h5 53. g7
Kf7 54. c6 h4 55. c7 {Black resigns} 1-0

[Event "Team 45 45 League T36"]
[Site "Internet Chess Club"]
[Date "2008.02.27"]
[Round "6"]
[White "quotha"]
[Black "joshtournman"]
[Result "0-1"]
[WhiteElo "1490"]
[BlackElo "1610"]
[Opening "Ruy Lopez: closed Berlin defense, Wolf variation"]
[ECO "C66"]
[Time "16:11:13"]
[TimeControl "2700+45"]

1. e4 e5 2. Nf3 Nc6 3. Bb5 Nf6 4. O-O d6 5. Nc3 Bd7 6. d4 exd4 7. Nxd4 Nxd4 8.
Bxd7+ Qxd7 9. Qxd4 Be7 10. Be3 O-O 11. h3 c5 12. Qd3 Rfd8 13. Rad1 Rac8 14. f4
Qc6 15. Nd5 Nxd5 16. exd5 Qd7 17. f5 Bf6 18. b3 b5 19. c4 bxc4 20. Qxc4 Re8 21.
Bf4 Bd4+ 22. Kh1 Re4 23. Rde1 Rxe1 24. Rxe1 Re8 25. Rxe8+ Qxe8 26. Bxd6 Qe1+ 27.
Kh2 Bg1+ 28. Kh1 Bf2+ {White resigns} 0-1

[Event "Team 45 45 League T36"]
[Site "Internet Chess Club"]
[Date "2008.03.02"]
[Round "6"]
[White "Kiutner"]
[Black "CMerli"]
[Result "1/2-1/2"]
[WhiteElo "2374"]
[BlackElo "2345"]
[Opening "Pirc: Austrian attack, dragon formation"]
[ECO "B09"]
[Time "10:01:43"]
[TimeControl "2700+45"]

1. e4 d6 2. d4 Nf6 3. Nc3 g6 4. f4 Bg7 5. Nf3 c5 6. Bb5+ Bd7 7. Bxd7+ Nbxd7 8.
d5 O-O 9. Qe2 e6 10. dxe6 fxe6 11. O-O Qe7 12. Bd2 a6 13. a4 Rae8 14. Rae1 Qd8
15. Ng5 Qb6 16. Bc1 Qb4 17. Rd1 d5 18. e5 Nh5 19. Nh3 Bh6 20. Ne4 Re7 21. Nd6
Qxa4 22. c4 Nb6 23. g4 Ng7 24. f5 exf5 25. Bxh6 Nxc4 26. Rxd5 Nxe5 27. gxf5 gxf5
28. Rxe5 Qd4+ 29. Re3 Rxe3 30. Qxe3 Qxd6 31. Qb3+ Kh8 32. Bxg7+ Kxg7 33. Qxb7+
Kh8 34. Kh1 Rb8 35. Qg2 Qf6 36. b3 Qg7 37. Qf3 Qb7 38. Ng5 h6 39. Ne6 Qxb3 40.
Qxf5 Qb7+ 41. Rf3 Qb1+ 42. Qxb1 Rxb1+ 43. Kg2 c4 44. Rc3 Rb2+ 45. Kg1 Rb1+ 46.
Kf2 Rb2+ {Game drawn by mutual agreement} 1/2-1/2

[Event "Team 45 45 League T36"]
[Site "Internet Chess Club"]
[Date "2008.02.29"]
[Round "6"]
[White "NFork"]
[Black "Terte"]
[Result "1/2-1/2"]
[WhiteElo "2206"]
[BlackElo "2141"]
[Opening "Sicilian: accelerated fianchetto, Maróczy bind, 6.Be3"]
[ECO "B38"]
[Time "02:10:45"]
[TimeControl "2700+45"]

1. e4 c5 2. Nf3 Nc6 3. d4 cxd4 4. Nxd4 g6 5. c4 Bg7 6. Be3 d6 7. Nc3 Nf6 8. Be2
O-O 9. O-O a5 10. a4 Nd7 11. Nb3 b6 12. Rc1 Nc5 13. Nd4 Nxd4 14. Bxd4 Bxd4 15.
Qxd4 Nb3 16. Qe3 Nxc1 17. Rxc1 Be6 18. Nb5 Rc8 19. Rc3 Rc5 20. Qh6 Qd7 21. Rg3
Rfc8 22. f4 Rxc4 23. Bxc4 Rxc4 24. Nc3 d5 25. f5 Bxf5 26. exf5 Qxf5 27. Rh3 g5
28. Rg3 f6 29. Qh5 Qe5 30. Qd1 d4 31. Ne2 Qc5 32. Qd3 e5 33. Kf1 Rxa4 34. Rh3
Ra1+ 35. Kf2 Qc7 36. Rf3 Kg7 37. Qf5 Qc6 38. Ng3 Rc1 39. Nh5+ Kf8 40. Qxf6+ Qxf6
41. Rxf6+ Ke7 42. Rxb6 Rc2+ 43. Kf3 d3 44. Ng3 g4+ 45. Kxg4 Rxg2 46. Kf3 Rxh2
47. Nf5+ Kf7 48. Ne3 d2 49. Rd6 Ke7 50. Nf5+ Kf7 51. Ne3 h5 52. Ke4 Re2 53. Kd3
Rf2 54. Nd1 Rh2 55. Ra6 e4+ 56. Kc2 e3 57. Nxe3 d1=Q+ 58. Kxd1 Rxb2 59. Rxa5 Kg6
60. Nc4 Rh2 61. Ne5+ Kg7 62. Ke1 Rc2 63. Nf3 Kh6 64. Ra6+ Kg7 65. Kf1 Rb2 66.
Kg1 Rc2 67. Nh4 Rb2 68. Ng2 Rb1+ 69. Kh2 Rb2 70. Kg3 Rb4 71. Ra5 h4+ 72. Nxh4
Rb3+ 73. Kg4 Rb1 74. Ra6 Rg1+ 75. Kf5 Rf1+ 76. Kg5 Rg1+ 77. Kf4 Rf1+ 78. Kg5
Rg1+ 79. Kh5 Rh1 80. Rb6 Kf7 81. Kg5 Rg1+ 82. Kf4 Rf1+ 83. Nf3 Ra1 84. Kf5 Rf1
85. Rb7+ Ke8 86. Ke4 Ra1 87. Ne5 Ra4+ 88. Kf5 Ra6 89. Nf7 Kf8 90. Ng5 Ke8 91.
Ne4 Kd8 92. Ke5 Rh6 93. Nf6 Rh1 94. Kd6 Rd1+ 95. Nd5 Kc8 96. Rh7 Rd2 97. Kc6
Rc2+ 98. Kb5 Kd8 99. Nf4 Rc1 100. Ne6+ Ke8 101. Nc7+ Kd8 102. Kb6 Rc2 103. Nb5
Rc1 104. Ka7 Ke8 105. Kb8 Kd8 106. Nd6 Rc2 107. Rb7 Rc1 108. Nf7+ Ke8 109. Ng5
Rc2 110. Ne4 Rc1 111. Nf6+ Kf8 112. Ne4 Ke8 113. Nd6+ Kf8 114. Rf7+ Kg8 115. Rd7
Kf8 116. Nb5 Ke8 117. Rh7 Kd8 118. Kb7 Ke8 119. Na7 Rc2 120. Nc6 Rd2 121. Kc7
Rd1 122. Kc8 Kf8 123. Ne5 Rc1+ {Game drawn by the 50 move rule} 1/2-1/2

[Event "Team 45 45 League T36"]
[Site "Internet Chess Club"]
[Date "2008.03.03"]
[Round "6"]
[White "nardz"]
[Black "Gail"]
[Result "0-1"]
[WhiteElo "2238"]
[BlackElo "2430"]
[Opening "Nimzo-Indian: classical, Adorjan gambit"]
[ECO "E32"]
[Time "18:04:43"]
[TimeControl "2700+45"]

1. d4 Nf6 2. c4 e6 3. Nc3 Bb4 4. Qc2 O-O 5. a3 Bxc3+ 6. Qxc3 b5 7. cxb5 c6 8. e3
cxb5 9. Bxb5 Ne4 10. Qd3 Nd6 11. a4 a6 12. Bc4 Qg5 13. g3 Bb7 14. f3 Nxc4 15.
Qxc4 Rc8 16. Qd3 Nc6 17. Bd2 a5 18. Qb5 Qd8 19. Ne2 Ba6 20. Qh5 Rab8 21. Bc3 Nb4
22. Kd2 Nd5 23. Rhc1 Nxc3 24. Nxc3 Rxb2+ 25. Rc2 Rxc2+ 26. Kxc2 Qc7 27. Qc5 Qxc5
28. dxc5 Rxc5 29. Rb1 Kf8 30. Rb8+ Ke7 31. Kb3 Bc4+ 32. Kb2 h5 33. Rg8 g6 34.
Ra8 Bf1 35. f4 Bg2 36. Ra7 Bc6 37. e4 Kd8 38. e5 h4 39. Kb3 hxg3 40. hxg3 Ke7
41. Ra6 g5 42. Rb6 gxf4 43. gxf4 f6 44. exf6+ Kxf6 45. Ne2 Bd5+ 46. Kb2 Kf5 47.
Rb8 Rc4 48. Rf8+ Kg4 49. Nc3 Bc6 {White resigns} 0-1

[Event "Team 45 45 League T36"]
[Site "Internet Chess Club"]
[Date "2008.02.27"]
[Round "6"]
[White "JustinSane"]
[Black "Despair"]
[Result "1-0"]
[WhiteElo "2255"]
[BlackElo "1954"]
[Opening "Catalan: closed, main line"]
[ECO "E09"]
[Time "16:26:45"]
[TimeControl "2700+45"]

1. d4 Nf6 2. Nf3 e6 3. g3 c6 4. Bg2 d5 5. O-O Be7 6. c4 O-O 7. Nbd2 Nbd7 8. Qc2
b6 9. e4 Bb7 10. e5 Ng4 11. b3 c5 12. cxd5 Bxd5 13. Ne4 cxd4 14. Bf4 Rc8 15. Qe2
f5 16. exf6 Bxf6 17. Nxf6+ Ndxf6 18. Rad1 Re8 19. Rxd4 e5 20. Nxe5 Nxe5 21. Bxe5
Kh8 22. f4 Rc5 23. b4 Rc6 24. Rfd1 Qc8 25. Bxd5 Nxd5 26. Rxd5 {Black resigns}
1-0

[Event "Team 45 45 League T36"]
[Site "Internet Chess Club"]
[Date "2008.03.02"]
[Round "6"]
[White "Defenceact"]
[Black "BillyNoMates"]
[Result "1-0"]
[WhiteElo "1892"]
[BlackElo "1796"]
[Opening "Old Benoni defense"]
[ECO "A43"]
[Time "06:11:22"]
[TimeControl "2700+45"]

1. d4 c5 2. d5 b5 3. e4 Qa5+ 4. Bd2 b4 5. c3 Ba6 6. Ne2 Nf6 7. f3 d6 8. cxb4
cxb4 9. Qb3 Nbd7 10. Qxb4 Qxb4 11. Bxb4 Ne5 12. Nd4 Bxf1 13. Kxf1 g6 14. Nd2 Bg7
15. Bc3 Nfd7 16. h4 O-O 17. h5 Nc5 18. hxg6 hxg6 19. Ke2 a5 20. f4 Ned3 21. g3
a4 22. Nc6 Rfe8 23. Bxg7 Kxg7 24. b4 axb3 25. axb3 Rxa1 26. Rxa1 Rh8 27. b4 Rh2+
28. Ke3 Nxf4 29. bxc5 Nh5 30. Nf3 Rh3 31. g4 Nf6 32. cxd6 exd6 33. Kf4 Nd7 34.
Ra7 Nc5 35. Rxf7+ Kg8 36. Rf6 Nd3+ 37. Kg5 Nc5 38. Ne7+ Kg7 39. Rxg6+ Kf7 40.
Nd4 Nxe4+ 41. Kf4 Nc5 42. Ndf5 Nd3+ 43. Kg5 Nf2 44. Rg7+ Ke8 45. Nxd6+ Kd8 46.
Nc6# {Black checkmated} 1-0

[Event "Team 45 45 League T36"]
[Site "Internet Chess Club"]
[Date "2008.03.01"]
[Round "6"]
[White "Cryptochess"]
[Black "mongmong"]
[Result "1-0"]
[WhiteElo "1802"]
[BlackElo "1671"]
[Opening "French: exchange variation"]
[ECO "C01"]
[Time "22:02:33"]
[TimeControl "2700+45"]

1. e4 e6 2. d4 d5 3. exd5 exd5 4. c4 Nf6 5. Nc3 Be7 6. Nf3 Bg4 7. Be3 O-O 8. Bd3
Nc6 9. c5 Re8 10. O-O Qd7 11. h3 Bh5 12. a3 Bf8 13. Be2 Ne4 14. Qc2 Bg6 15. Bd3
Nxc3 16. Qxc3 Bxd3 17. Qxd3 Na5 18. Nd2 b6 19. b4 Nb7 20. Nb3 bxc5 21. Nxc5 Nxc5
22. dxc5 c6 23. Rad1 Be7 24. a4 Bf6 25. b5 cxb5 26. axb5 Rab8 27. c6 Qd6 28.
Qxd5 Qb4 29. Rb1 Qa5 30. Qc5 Re5 31. Qxa7 Qxa7 32. Bxa7 Rbxb5 33. Rxb5 Rxb5 34.
c7 {Black resigns} 1-0

[Event "Team 45 45 League T36"]
[Site "Internet Chess Club"]
[Date "2008.02.28"]
[Round "6"]
[White "Erle"]
[Black "smsxman"]
[Result "1-0"]
[WhiteElo "1768"]
[BlackElo "1508"]
[Opening "Scotch: Göring gambit"]
[ECO "C44"]
[Time "09:30:55"]
[TimeControl "2700+45"]

1. e4 e5 2. Nf3 Nc6 3. d4 exd4 4. c3 d5 5. exd5 Qxd5 6. cxd4 Bb4+ 7. Bd2 Bg4 8.
Bxb4 Nxb4 9. Nc3 Qe6+ 10. Be2 Bxf3 11. gxf3 O-O-O 12. Ne4 Kb8 13. Nc5 Qd5 14.
Qa4 Qxd4 15. Rd1 Nf6 16. Rxd4 Rxd4 17. Qb3 Rhd8 18. a3 b6 19. axb4 Nd5 20. Na6+
Kb7 21. O-O Rd6 22. Nc5+ bxc5 23. bxc5+ Rb4 24. cxd6 cxd6 25. Qxd5+ {Black
resigns} 1-0

[Event "Team 45 45 League T36"]
[Site "Internet Chess Club"]
[Date "2008.03.04"]
[Round "6"]
[White "chicopee-ed"]
[Black "ticopatzer"]
[Result "0-1"]
[WhiteElo "1503"]
[BlackElo "1414"]
[Opening "Queen's gambit declined"]
[ECO "D30"]
[Time "18:03:28"]
[TimeControl "2700+45"]

1. d4 d5 2. c4 e6 3. Nf3 Nf6 4. e3 Nbd7 5. cxd5 exd5 6. Bd3 c6 7. O-O Bd6 8. Nc3
O-O 9. e4 dxe4 10. Nxe4 Nxe4 11. Bxe4 Nf6 12. Bg5 Be7 13. Bc2 Bg4 14. Qd3 g6 15.
Rad1 Nd5 16. Bxe7 Qxe7 17. a3 Rfe8 18. h3 Nf4 19. Qd2 Ne2+ 20. Kh2 Bxf3 21. gxf3
Qh4 22. Rde1 Nf4 23. Bf5 gxf5 24. Rg1+ Kh8 25. Rg3 Rg8 26. d5 Rxg3 {White
resigns} 0-1

[Event "Team 45 45 League T36"]
[Site "Internet Chess Club"]
[Date "2008.02.29"]
[Round "6"]
[White "Glassywoman"]
[Black "Mutaant"]
[Result "1-0"]
[WhiteElo "1379"]
[BlackElo "1376"]
[Opening "Giuoco Pianissimo"]
[ECO "C50"]
[Time "17:42:10"]
[TimeControl "2700+45"]

1. e4 e5 2. Bc4 Nc6 3. Nf3 Bc5 4. d3 h6 5. O-O Qf6 6. c3 Nge7 7. a4 a6 8. Qe2
O-O 9. Be3 Ba7 10. Bxa7 Rxa7 11. Qe3 d6 12. Bd5 Bg4 13. Nbd2 Raa8 14. d4 exd4
15. cxd4 Nxd5 16. exd5 Nb4 17. Qc3 Nxd5 18. Qb3 Nb6 19. Qc3 Qe7 20. Rfe1 Qd7 21.
h3 Bf5 22. a5 Nd5 23. Qb3 Qb5 24. Qxb5 axb5 25. Rec1 c6 26. Nh4 Be6 27. Ne4 Nf4
28. Kh2 d5 29. Nc5 Ra7 30. b4 Ne2 31. Rd1 g5 32. Nf3 Rfa8 33. Ne5 Nc3 34. Re1
Bf5 35. Re3 Ne4 36. Rf3 Nd6 37. g4 Be6 38. Nxe6 fxe6 39. Rf6 Kg7 40. Rxe6 Rf8
41. Rxd6 Rxf2+ 42. Kg3 Rb2 43. Rf1 Ra8 44. Rf7+ Kg8 45. Rxb7 Rxb4 46. Nxc6 Rb3+
47. Kh2 Rb2+ 48. Kh1 Rb1+ 49. Kg2 Rb2+ 50. Kf1 Rf8+ 51. Ke1 Rb1+ 52. Kd2 Rf2+
53. Kc3 Rc1+ 54. Kd3 Rf3+ 55. Kd2 Rcf1 56. Rd8+ Rf8 57. Ne7+ Kf7 58. Nf5+ Kg8
59. Ne7+ Kg7 60. Nxd5+ Kg6 61. Rd6+ {Black resigns} 1-0

[Event "Team 45 45 League T36"]
[Site "Internet Chess Club"]
[Date "2008.03.02"]
[Round "6"]
[White "AntonioMendonca"]
[Black "isolani"]
[Result "1-0"]
[WhiteElo "1775"]
[BlackElo "1527"]
[Opening "English opening"]
[ECO "A10"]
[Time "18:06:55"]
[TimeControl "2700+45"]

1. c4 b6 2. g3 Bb7 3. Nf3 Nf6 4. Bg2 g6 5. O-O Bg7 6. Nc3 O-O 7. d4 d6 8. Re1
Nbd7 9. e4 e5 10. d5 h6 11. b4 Re8 12. a3 Bc8 13. Be3 Ng4 14. Bd2 Nf8 15. h3 Nf6
16. Qc1 Kh7 17. g4 g5 18. Re3 Ng6 19. Ne2 Nf4 20. Qc2 Bxg4 21. hxg4 Nxg4 22.
Nxf4 Nxe3 23. fxe3 exf4 24. Nd4 Bxd4 25. exd4 Kg8 26. Re1 Qf6 27. e5 dxe5 28.
dxe5 Rxe5 29. Be4 Rae8 30. Bc3 g4 31. Qf2 Qg5 32. Bxe5 Rxe5 33. c5 g3 34. Qd2
Kg7 35. d6 cxd6 36. cxd6 Qd8 37. d7 Re7 {Black resigns} 1-0

[Event "Team 45 45 League T36"]
[Site "Internet Chess Club"]
[Date "2008.03.02"]
[Round "6"]
[White "jjmolina"]
[Black "lw"]
[Result "1/2-1/2"]
[WhiteElo "1580"]
[BlackElo "1585"]
[Opening "Robatsch (modern) defense"]
[ECO "B06"]
[Time "12:02:04"]
[TimeControl "2700+45"]

1. e4 g6 2. d4 d6 3. Nc3 c6 4. Be3 d5 5. Qd2 e6 6. Bd3 h5 7. Nf3 Nd7 8. exd5
cxd5 9. Ne2 Nb6 10. b3 Bd6 11. c3 Bd7 12. a4 Bc6 13. Rb1 Qc7 14. a5 Nd7 15. b4
a6 16. Ng5 Bb5 17. Bxb5 axb5 18. Qd3 Ne7 19. Nxe6 fxe6 20. Bg5 Rg8 21. Qxb5 Kf7
22. h3 b6 23. a6 Ra7 24. Qd3 Nb8 25. b5 Qd7 26. g4 e5 27. dxe5 Bxe5 28. gxh5 Qf5
29. hxg6+ Qxg6 30. Qxg6+ Rxg6 31. f4 Nf5 32. h4 Bf6 33. h5 Rg8 34. Rg1 Rh8 35.
Bxf6 Kxf6 36. Rg6+ Kf7 37. Rxb6 Rxh5 38. Rc1 Nd7 39. Rc6 Nf6 40. Kd2 Ne4+ 41.
Kc2 Rh2 42. Re1 Ne3+ 43. Kd3 Rh3 44. Rb1 Nf5+ 45. Kc2 Rh2 46. Kd3 Rh3+ 47. Kc2
Rh2 48. Kd3 Rh3+ {Game drawn by repetition} 1/2-1/2

[Event "Team 45 45 League T36"]
[Site "Internet Chess Club"]
[Date "2008.03.02"]
[Round "6"]
[White "PANAMA-REY"]
[Black "Matterhorn"]
[Result "0-1"]
[WhiteElo "1539"]
[BlackElo "1601"]
[Opening "Sicilian: closed, 2...Nc6"]
[ECO "B23"]
[Time "10:02:51"]
[TimeControl "2700+45"]

1. e4 c5 2. Nc3 Nc6 3. Bb5 Nd4 4. Bc4 e6 5. Nce2 d5 6. exd5 exd5 7. Bd3 Nc6 8.
c3 Nf6 9. Nf3 Bg4 10. Ng3 c4 11. Be2 Bd6 12. O-O O-O 13. d4 cxd3 14. Qxd3 Re8
15. Bg5 Bxf3 16. Bxf3 Ne5 17. Qd1 Nxf3+ 18. Qxf3 Be7 19. Rad1 Qb6 20. Nf5 Bd8
21. Rd2 Ne4 22. Rxd5 Nxg5 23. Qg4 g6 24. Nh6+ Kg7 25. Rxg5 Kxh6 26. Rd5 Qe6 27.
Qf4+ Bg5 28. Qd4 Bf6 29. Qd2+ Kg7 30. Rd1 Re7 31. g3 Rae8 32. Rd6 Qe2 33. Qd5
Qxb2 34. g4 Bh4 35. Qf3 Re1+ 36. Rxe1 Rxe1+ 37. Kg2 Re2 38. Kh3 Rxf2 {White
resigns} 0-1